 Dungeon Crawl Stone Soup version 0.16-a0-783-gf476f6a (webtiles) character file.

396 Ratboiler the Firebug (level 6, -1/36 HPs)
             Began as an Octopode Fire Elementalist on Sept 26, 2014.
             Slain by Pikel
             ... wielding a +2 whip of electrocution
              (15 damage)
             ... on Level 5 of the Dungeon.
             The game lasted 00:20:13 (6027 turns).

Ratboiler the Firebug (Octopode Fire Elementalist)  Turns: 6027, Time: 00:20:14

HP  -1/36        AC  1     Str  7      XL: 6   Next: 83%
MP   5/10        EV 12     Int 19      God:
Gold 238         SH  0     Dex 13      Spells:  3 memorised,  3 levels left

rFire  . . .     SeeInvis .     k - +4 quarterstaff (chaos)
rCold  . . .     Clarity  .     (no shield)
rNeg   . . .     rCorr    .     p - +0 hat
rPois  .         rRot     .     (no amulet)
rElec  .         Spirit   .     m - ring of protection from magic
SustAb .         Warding  .     (no ring)
rMut   .         Stasis   .     (no ring)
Gourm  .                        (no ring)
MR     +....                    (no ring)
                                (no ring)
                                (no ring)
                                (no ring)

@: somewhat resistant to hostile enchantments, fairly stealthy
A: almost no armour, amphibious, 8 rings, constrict 8, camouflage 1, gelatinous
body 1
a: no special abilities


You were on level 5 of the Dungeon.
You were not hungry.

You visited 1 branch of the dungeon, and saw 5 of its levels.

You collected 238 gold pieces.

Inventory:

Hand weapons
 k - a +4 quarterstaff of chaos (weapon)
Missiles
 a - 7 javelins (quivered)
 f - 11 curare-tipped needles
 n - 13 poisoned needles
Armour
 p - a +0 hat (worn)
Magical devices
 i - a wand of random effects (14)
 o - a wand of slowing (14)
Comestibles
 c - 4 bread rations
 l - a fruit
Scrolls
 d - a scroll of remove curse
 g - a scroll of teleportation
 h - a scroll of fog {unknown}
 r - a scroll of fear {unknown}
 t - 3 scrolls of identify {unknown}
 v - 2 scrolls of magic mapping {unknown}
Jewellery
 m - a ring of protection from magic (left tentacle)
Potions
 e - a potion of curing {unknown}
 j - a potion of restore abilities {unknown}
 s - 2 potions of might {unknown}
 u - a potion of flight {unknown}
Books
 b - a book of Flames

   Spells                             Type                      Level
   *Flame Tongue                      Conjuration/Fire             1
   *Throw Flame                       Conjuration/Fire             2
   *Conjure Flame                     Conjuration/Fire             3
   Inner Flame                        Hexes/Fire                   3
   Sticky Flame                       Conjuration/Fire             4
   Fireball                           Conjuration/Fire             5
 q - a book of Beasts

   Spells                             Type                      Level
   Summon Butterflies                 Summoning                    1
   Call Canine Familiar               Summoning                    3
   Summon Ice Beast                   Ice/Summoning                4
   Summon Mana Viper                  Hexes/Summoning              5
   Monstrous Menagerie                Summoning                    6
   Summon Hydra                       Summoning                    7


   Skills:
 - Level 2.0 Dodging
 - Level 2.6 Stealth
 - Level 2.0 Spellcasting
 + Level 4.7 Conjurations
 + Level 5.6 Fire Magic


You had 3 spell levels left.
You knew the following spells:

 Your Spells              Type           Power        Failure   Level  Hunger
a - Flame Tongue          Conj/Fire      ###..        1%          1    #......
b - Throw Flame           Conj/Fire      ###...       3%          2    ##.....
c - Conjure Flame         Conj/Fire      ###.....     8%          3    ####...


Dungeon Overview and Level Annotations

Branches:
Dungeon (5/15)
 Temple: D:4-7

Altars:

Annotations:
D:5 Pikel


Innate Abilities, Weirdness & Mutations

You cannot wear most types of armour.
You are amphibious.
You can wear up to eight rings at the same time.
You can use your tentacles to constrict many enemies at once.
Your skin changes colour to match your surroundings (Stealth).
Your rubbery body absorbs attacks (AC +1).


Message History

The adder is almost dead.
You constrict the adder.
You kill the adder!
You feel sick.
You see here an adder corpse.
You feel sick.
You start resting.
You feel sick.
You feel sick.
You see here 7 arrows.
Pikel says, "I'm sure the Orcish Mines are around here somewhere..."
You feel sick.
You hit Pikel but do no damage.
Pikel seems to slow down.
You grab Pikel.
Pikel is heavily wounded.
You constrict Pikel, but do no damage.
You feel sick.
You are no longer poisoned.
Pikel hits you with a glowing whip!
* * * LOW HITPOINT WARNING * * *
You are electrocuted!
You die...

#......#....#
#...####(####
#.#.# #.#
#.#§# #.#
..#.. #.#
##.##§# #.#
#.# p. #.#
#.# #%##K#
### .##@#
.##.# #.# #.#
#.# #.# #.#
..# ..#


You could see Pikel.

Vanquished Creatures
  A phantom (D:5)
  2 scorpions
  Crazy Yiuf (D:2)
  A worker ant (D:4)
  5 adders
  A giant mite (D:5)
  2 worms (D:4)
  2 giant geckos
  2 oozes
  2 orcs
  6 bats
  A bat skeleton (D:5)
  3 giant cockroaches
  9 hobgoblins
  5 jackals
  A quokka (D:5)
  A ball python (D:1)
  8 giant newts
  9 goblins
  8 kobolds
  A kobold skeleton (D:4)
  11 rats
  A rat skeleton (D:4)
83 creatures vanquished.

Vanquished Creatures (others)
  A quokka (D:5)
1 creature vanquished.

Grand Total: 84 creatures vanquished

Notes
Turn   | Place    | Note
--------------------------------------------------------------
     0 | D:1      | Ratboiler, the Octopode Fire Elementalist, began the quest for the Orb.
     0 | D:1      | Reached XP level 1. HP: 11/11 MP: 3/3
   802 | D:1      | Reached XP level 2. HP: 13/17 MP: 0/4
   945 | D:1      | Learned a level 2 spell: Throw Flame
  1570 | D:2      | Reached XP level 3. HP: 19/21 MP: 6/6
  1575 | D:2      | Learned a level 3 spell: Conjure Flame
  2266 | D:2      | Noticed Crazy Yiuf
  2349 | D:2      | Killed Crazy Yiuf
  2349 | D:2      | Reached skill level 4 in Fire Magic
  2349 | D:2      | Reached XP level 4. HP: 24/27 MP: 1/7
  3107 | D:3      | Noticed a steam dragon
  3451 | D:4      | Reached XP level 5. HP: 28/31 MP: 0/9
  4517 | D:4      | Reached skill level 5 in Fire Magic
  4517 | D:4      | Reached XP level 6. HP: 24/36 MP: 1/10
  5004 | D:5      | Entered Level 5 of the Dungeon
  5839 | D:5      | Noticed Pikel
  6027 | D:5      | Slain by Pikel

Action                   |  1- 3 |  4- 6 || total
-------------------------+-------+-------++-------
Melee: Unarmed           |    32 |    72 ||   104
       Whip              |    49 |    37 ||    86
       Quarterstaff      |       |    17 ||    17
 Cast: Flame Tongue      |     7 |     3 ||    10
       Throw Flame       |    11 |    66 ||    77
       Conjure Flame     |     1 |    10 ||    11
Evoke: Wand              |       |     2 ||     2
  Use: Scroll            |     3 |     2 ||     5
       Potion            |       |     2 ||     2
 Stab: Sleeping          |     1 |     4 ||     5
  Eat: Chunk             |     3 |     6 ||     9
       Pizza             |     1 |     1 ||     2
       Fruit             |       |     6 ||     6
       Meat ration       |       |     1 ||     1
